 Dungeon Crawl Stone Soup version 0.27.1-34-g3ba077fa99 (webtiles) character file.

Game seed: 15387662163167138992

6 geedmat the Firebug (level 1, 0/10 HPs)
             Began as a Tengu Fire Elementalist on Jan 9, 2022.
             Slain by a kobold (3 damage)
             ... on level 1 of the Dungeon.
             The game lasted 00:03:55 (599 turns).

geedmat the Firebug (Tengu Fire Elementalist)        Turns: 599, Time: 00:03:56

Health: 0/10       AC:  2    Str:  8    XL:     1   Next: 90%
Magic:  2/4        EV: 12    Int: 15    God:
Gold:   51         SH:  0    Dex: 14    Spells: 3/4 levels left

rFire    . . .     SeeInvis .   c - +0 dagger
rCold    . . .     Faith    .   (no shield)
rNeg     . . .     Spirit   .   a - +0 robe
rPois    .         Reflect  .   (helmet restricted)
rElec    .         Harm     .   (no cloak)
rCorr    .         Rampage  .   (no gloves)
Will     .....                  (boots unavailable)
Stlth    ++........             (no amulet)
HPRegen  0.03/turn              (no ring)
MPRegen  0.09/turn              (no ring)

@: no status effects
A: beak, talons 3
a: no special abilities


You were on level 1 of the Dungeon.
You visited 1 branch of the dungeon, and saw 1 of its levels.

You collected 51 gold pieces.

Inventory:

Hand Weapons
 c - a +0 dagger (weapon)
Missiles
 b - 16 stones
Armour
 a - a +0 robe (worn)
Scrolls
 d - a scroll of enchant armour {unknown}


   Skills:
 - Level 2.1 Dodging
 - Level 2.0 Stealth
 - Level 2.0 Spellcasting
 + Level 2.0 Conjurations
 + Level 3.5 Fire Magic


You had 3 spell levels left.
You knew the following spells:

 Your Spells              Type           Power      Damage    Failure   Level
a - Foxfire               Conj/Fire      36%        2x1d5     7%          1

Your spell library contained the following spells:

 Spells                   Type           Power      Damage    Failure   Level
 Conjure Flame            Conj/Fire      9%         6-21      22%         3
 Inner Flame              Hex/Fire       6%         N/A       32%         3
 Sticky Flame             Conj/Fire      9%         2d3       56%         4
 Fireball                 Conj/Fire      4%         3d4       89%         5


Dungeon Overview and Level Annotations

Branches:
Dungeon (1/15)

Altars:


Innate Abilities, Weirdness & Mutations

You have a beak for a mouth.
You have claws for feet.


Message History

The foxfire hits the giant cockroach.
The giant cockroach is heavily wounded.
The kobold hits you with a +0 dagger. The giant cockroach closely misses you.
You barely miss the giant cockroach. You claw the giant cockroach.
You kill the giant cockroach!
The kobold hits you with a +0 dagger.
Your Conjurations skill increases to level 2!
You closely miss the kobold. Your peck misses the kobold.
The kobold misses you.
An endoplasm comes into view.
You closely miss the kobold.
The endoplasm quivers.
Your kick misses the kobold. Your peck misses the kobold.
The kobold hits you but does no damage.
You hit the kobold but do no damage. Your peck misses the kobold.
The kobold hits you with a +0 dagger.
You hit the kobold but do no damage. You claw the kobold.
The kobold is moderately wounded.
The kobold hits you with a +0 dagger.
The endoplasm jiggles.
Casting: Foxfire (safe; 7% risk of failure)
Confirm with . or Enter, or press ? or * to list all spells.
You conjure some foxfire!
The kobold closely misses you.
You closely miss the kobold.
The kobold is moderately wounded.
The foxfire hits the kobold.
The kobold is severely wounded.
The kobold barely misses you.
You completely miss the kobold.
The kobold is severely wounded.
The foxfire hits the endoplasm.
The endoplasm is heavily wounded.
The kobold hits you with a +0 dagger.
* * * LOW HITPOINT WARNING * * *
The endoplasm jiggles.
Unknown command.
Casting: Foxfire (safe; 7% risk of failure)
Confirm with . or Enter, or press ? or * to list all spells.
You conjure some foxfire!
The kobold hits you with a +0 dagger.
You die...

#...........# ####.8.8.
#..###.##...###.8......
#.. ##.#.#.#..........
#. #......#.8..###### #.
##.##.#.#....#bllSh
#..##...#.#.#.8..######
#.........[.#..........
##...#v.K#.###..........
#...[.†@##.# #....######
##.....Jv....###........
##...#.####.# #########
#...#.# ## #.. #.# #..
#.# #. #.# #. ...


You could see an endoplasm (ally target) and a kobold.

Vanquished Creatures
  A bat (D:1)
  A giant cockroach (D:1)
  A goblin (D:1)
  A hobgoblin (D:1)
  A frilled lizard (D:1)
5 creatures vanquished.

Vanquished Creatures (others)
  5 foxfires (D:1)
5 creatures vanquished.

Grand Total: 10 creatures vanquished

Notes
Turn   | Place    | Note
-------+----------+-------------------------------------------
     0 | D:1      | geedmat the Tengu Fire Elementalist began the quest for the
                  | Orb.
     0 | D:1      | Reached XP level 1. HP: 10/10 MP: 4/4
     6 | D:1      | Noticed a wyvern
     6 | D:1      | Noticed a komodo dragon
     6 | D:1      | Noticed an anaconda
   599 | D:1      | Slain by a kobold

Illustrated notes

Levels and vault maps discovered:
D:1:      onia_arrival_zoo_common, layout_loops_ring, serial_shops, shop,
          chequers_serial_rivers_room_b

Skill      XL: |  1 |
---------------+----+-----
Conjurations   | 2 |  2.0
Dodging        | |  2.1
Stealth        | |  2.0
Spellcasting   | |  2.0
Fire Magic     | |  3.5

Action                   || total
-------------------------++-------
Melee: Dagger            ||    16
       Kick              ||     5
       Peck              ||     5
       Unarmed           ||     3
 Cast: Foxfire           ||     4
Armor: Robe              ||     5
Dodge: Dodged            ||     7
